 Dungeon Crawl Stone Soup version 0.26-a0-651-gb41185065b (webtiles) character file.

Game seed: 9278900355525981502

62 Irenicus the Chopper (level 3, 0/32 HPs)
             Began as a Deep Dwarf Gladiator on Oct 3, 2020.
             Slain by a goblin (1 damage)
             ... on level 2 of the Dungeon.
             The game lasted 00:03:35 (701 turns).

Irenicus the Chopper (Deep Dwarf Gladiator)          Turns: 701, Time: 00:03:36

Health: 0/32       AC:  4    Str: 17    XL:     3   Next: 85%
Magic:  3/3        EV: 13    Int:  8    God:
Gold:   41         SH:  0    Dex: 15    Spells: 2/2 levels left

rFire    . . .     SeeInvis .   a - +0 war axe
rCold    + . .     Faith    .   (no shield)
rNeg     . . .     Spirit   .   b - +0 leather armour
rPois    .         Reflect  .   c - +0 helmet
rElec    .         Harm     .   (no cloak)
rCorr    .         Rampage  .   (no gloves)
MR       .....                  (no boots)
Stlth    +.........             (no amulet)
HPRegen  0.00/turn              j - ring of protection from cold {rC+, !d}
MPRegen  0.08/turn              (no ring)

@: mighty, non-regenerating
A: damage resistance, heal wounds, sense surroundings 1, no regeneration
a: Heal Wounds


You were on level 2 of the Dungeon.
You visited 1 branch of the dungeon, and saw 2 of its levels.

You collected 41 gold pieces.

Inventory:

Hand Weapons
 a - a +0 war axe (weapon)
Missiles
 d - 3 throwing nets {=f, !d}
Armour
 b - a +0 leather armour (worn)
 c - a +0 helmet (worn)
Jewellery
 j - a ring of protection from cold (left hand) {rC+, !d}
   (You found it on level 1 of the Dungeon)
Scrolls
 f - 2 scrolls of teleportation {unknown}
 i - a scroll of fog {unknown}
 k - a scroll of enchant armour {unknown}
 m - a scroll of magic mapping {unknown}
Potions
 e - 2 potions of cancellation {unknown}


   Skills:
 - Level 1.7 Fighting
 + Level 5.3 Axes
 - Level 1.7 Throwing
 - Level 3.2 Dodging


You had 2 spell levels left.
You didn't know any spells.
Your spell library was empty.

Dungeon Overview and Level Annotations

Branches:
Dungeon (2/15)

Altars:


Innate Abilities, Weirdness & Mutations

You are resistant to damage.
You can heal yourself by infusing magical energy.
You passively map a small area around you.
You do not regenerate.


Message History

There is a stone staircase leading down here.
You see here a kobold skeleton.
You climb downwards.
There is a stone staircase leading up here. 2 jackals come into view.
A bat comes into view.
The jackal barks!
A jackal comes into view.
The jackal moves out of view.
The jackal barks!
A worm comes into view.
The jackal bites you but does no damage.
You barely miss the jackal. The jackal closely misses you.
The jackal barely misses you.
You hit the jackal but do no damage.
The jackal bites you but does no damage.
You closely miss the jackal. The jackal misses you. The jackal bites you.
You slash the jackal!
You kill the jackal!
The jackal barely misses you.
You slash the jackal!
You kill the jackal!
The bat barely misses you.
You barely miss the bat. The bat closely misses you. The bat misses you.
The bat closely misses you.
It was a potion of berserk rage.
A red film seems to cover your vision as you go berserk!
You feel yourself moving faster!
You feel mighty! The bat barely misses you. x2
The bat closely misses you.
You now have 15/48 hp.
You hit the bat.
You kill the bat!
The jackal completely misses you.
You barely miss the jackal. The jackal closely misses you.
You hit the jackal.
The jackal is heavily wounded.
The jackal bites you.
* * * LOW HITPOINT WARNING * * *
You take 1 damage, and have 14/48 hp.
You closely miss the jackal.
The jackal is heavily wounded.
The jackal closely misses you.
You slice the jackal!!
You kill the jackal!
The worm bites you!
* * * LOW HITPOINT WARNING * * *
You see here a bat corpse.
You take 7 damage, and have 7/48 hp.
You slash the worm!
The worm is almost dead.
You slice the worm!!
You kill the worm!
You see here a worm corpse.
You feel a strong urge to attack something.
You are no longer berserk.
You are exhausted.
You feel yourself slow down.
You now have 5/32 hp.
It was a potion of haste.
You feel yourself speed up.
You see here 15 bolts.
e - 2 sedimented white potions (gained 1)
You feel yourself speed up.
A bat comes into view.
The bat barely misses you.
You recover from your berserk rage.
The bat barely misses you. The bat closely misses you. The bat hits you.
You are too injured to fight recklessly!
You are too injured to fight recklessly!
You are too injured to fight recklessly!
You miss the bat. The bat barely misses you.
You hit the bat.
You kill the bat!
Your extra speed is starting to run out.
Found a stone staircase leading up.
You feel yourself slow down.
Found a stone staircase leading down.
An ooze comes into view.
A goblin comes into view.
A dart slug comes into view.
It was a potion of might.
You feel very mighty all of a sudden.
A goblin comes into view.
The dart slug launches a dart at you. The slug dart hits you.
* * * LOW HITPOINT WARNING * * *
You take 3 damage, and have 2/32 hp.
You hit the dart slug.
The dart slug is heavily wounded.
The dart slug closely misses you.
You slice the dart slug!!
You kill the dart slug!
The goblin shouts!
You barely miss the goblin. The goblin hits you.
* * * LOW HITPOINT WARNING * * *
You take 1 damage, and have 1/32 hp.
You barely miss the goblin. The goblin barely misses you.
You closely miss the goblin. The goblin hits you.
You die...

.......* #.. ,,
.......## #.... .....
........# #.........
........## #........ ,,
...(.....# ... ...## * *
.....J...## #.# ...<,
.....g....# #.###.#####
#.......#.# #.........##
#......@#.# #.##.)......
#.....†g#.###.##........
#.......#..##.##........
#.......##.##.##........
#.......##.##.##..(.....
#.......##..#.##........
#.......###.#.#######.##
######### #.#.#######.##
#...#.........


You could see an ooze and 2 goblins.

Vanquished Creatures
  A gnoll (D:1)
  3 oozes (D:1)
  A worm (D:2)
  2 dart slugs
  5 bats
  3 giant cockroaches (D:1)
  2 goblins (D:1)
  2 hobgoblins (D:1)
  3 jackals (D:2)
  3 frilled lizards (D:1)
  5 kobolds (D:1)
  2 rats (D:1)
32 creatures vanquished.

Notes
Turn   | Place    | Note
-------+----------+-------------------------------------------
     0 | D:1      | Irenicus the Deep Dwarf Gladiator began the quest for the
                  | Orb.
     0 | D:1      | Reached XP level 1. HP: 19/19 MP: 1/1
   111 | D:1      | Reached skill level 4 in Axes
   111 | D:1      | Reached XP level 2. HP: 19/26 MP: 2/2
   375 | D:1      | Reached XP level 3. HP: 17/32 MP: 3/3
   456 | D:1      | Reached skill level 5 in Axes
   626 | D:2      | HP: 7/48 [worm (7)]
   696 | D:2      | HP: 2/32 [dart slug/slug dart (3)]
   701 | D:2      | Slain by a goblin

Illustrated notes

Levels and vault maps discovered:
D:1:      heliophobic_arrival_henge, layout_basic
D:2:      layout_basic, uniq_terence

Skill      XL: |  1  2  3 |
---------------+----------+-----
Axes           | 4 5 |  5.3
Fighting       | |  1.7
Throwing       | |  1.7
Dodging        | |  3.2

Action                   || total
-------------------------++-------
Melee: War axe           ||    90
  Use: Potion            ||     3
Armor: Leather armour    ||    25
Dodge: Dodged            ||    61

Table legend: (Time is in decaauts)
 A = Elapsed time spent in this place.
 B = Non-inter-level travel time spent in this place.
 C = Inter-level travel time spent in this place.
 D = Time resting spent in this place.
 E = Time spent auto-exploring this place.
 F = Levels seen in this place.
 G = Mean time per level.
                   A        B        C        D        E       F      G
               +--------+--------+--------+--------+--------+-----+--------+
         Total |    713 |    696 |     17 |      0 |      0 |   2 |  356.5 |
       Dungeon |    713 |    696 |     17 |      0 |      0 |   2 |  356.5 |
               +--------+--------+--------+--------+--------+-----+--------+

Top non-repeatable levels by time:
     D:1: 608 daAuts
     D:2: 104 daAuts

Table legend:
 A = Kills in this place as a percentage of kills in entire the game.
 B = Kills by you in this place as a percentage of kills by you in the entire game.
 C = Kills by friends in this place as a percentage of kills by friends in the entire game.
 D = Other kills in this place as a percentage of other kills in the entire game.
 E = Experience gained in this place as a percentage of experience gained in the entire game.
 F = Experience gained in this place divided by the number of levels of this place that you have seen.
                   A       B       C       D       E      F
               +-------+-------+-------+-------+-------+----------------------
         Total | 100.0 | 100.0 |   N/A |   N/A | 100.0 |  44.5
       Dungeon | 100.0 | 100.0 |   N/A |   N/A | 100.0 |  44.5
               +-------+-------+-------+-------+-------+----------------------
